Map: Ulzaan

Players

renatomff - Winner!

  • Race: Zerg Zerg
  • Spawn Location: 9:00

LeandroRN - Winner!

  • Race: Terran Terran
  • League: Diamond
  • Spawn Location: 11:00

OpuS

  • Race: Protoss Protoss
  • League: Diamond
  • Spawn Location: 3:00

Sketchaphone

  • Race: Zerg Zerg
  • League: Platinum
  • Spawn Location: 1:00

VOD

Have the link to the VOD?

Description

Time

  • Played on: March 3, 2019, 8:09 p.m.
  • Length: 14:30
Show
View Real Time Build Order
Export as new Build Order

renatomff Zerg - Winner!

Build Orders: Hatch First 

Get SALT Encoding   

  12  0:09  Overlord  
  12  0:14  Drone  
  12  0:18  Drone  
  14  0:29  Drone  
  14  0:32  Drone  
  16  0:42  Drone  
  17  0:56  Hatchery  
  16  1:02  Extractor  
  15  1:10  Spawning Pool  
  14  1:14  Drone  
  15  1:19  Drone  
  15  1:22  Drone  
  17  1:27  Drone  
  18  1:37  Drone  
  19  1:51  Overlord  
  19  1:59  Zergling x2  
  19  2:00  Queen  
  22  2:09  Zergling x4  
  22  2:11  Metabolic Boost  
  24  2:17  Queen  
  24  2:22  Zergling x2  
  27  2:24  Zergling x2  
  28  2:51  Drone x5  
  29  2:54  Spore Crawler  
  32  2:59  Spore Crawler  
  29  3:39  Drone x8  
  34  3:54  Lair  
  34  3:59  Extractor  
  33  4:07  Overlord x2  
  33  4:17  Drone  
  35  4:31  Drone x2  
  35  4:32  Drone x8  
  35  4:34  Extractor  
  43  4:38  Drone  
  43  4:40  Extractor  
  43  4:47  Pneumatized Carapace  
  43  4:53  Hatchery  
  42  5:05  Spine Crawler, Drone x4  
  42  5:06  Drone  
  42  5:07  Overlord x2  
  46  5:13  Spire  
  45  5:24  Overseer  
  45  5:27  Drone x2  
  47  5:29  Overlord  
  47  5:34  Drone x3  
  47  5:35  Drone x3  
  53  6:21  Spine Crawler, Spore Crawler  
  53  6:23  Queen  
  53  6:24  Spine Crawler  
  53  6:25  Mutalisk  
  52  6:26  Mutalisk x8  
  70  6:39  Drone  
  71  6:40  Drone x9  
  71  6:46  Spine Crawler  
  79  6:48  Zerg Flyer Weapons Level 1  
  79  7:10  Drone x3  
  79  7:13  Extractor  
  79  7:15  Extractor  
  80  7:24  Overlord x5  
  76  7:56  Mutalisk  
  76  7:57  Mutalisk x8  
  90  8:22  Mutalisk x3  
  96  8:36  Overlord  
  96  8:37  Overlord x3  
  96  8:45  Zerg Flyer Weapons Level 2  
  89  8:57  Drone  
  89  8:58  Drone x2  
  89  8:59  Drone  
  89  9:00  Drone x4  
  89  9:01  Queen  
  99  9:06  Evolution Chamber  
  99  9:08  Evolution Chamber  
  97  9:19  Spine Crawler  
  96  9:28  Mutalisk x4  
  96  9:29  Mutalisk x4  
  109  10:21  Drone  
  109  10:22  Drone  
  111  10:29  Spine Crawler  
  111  10:30  Spine Crawler  
  111  10:33  Spine Crawler  
  108  10:40  Zerg Melee Weapons Level 1, Zerg Ground Armor Level 1  
  108  10:52  Infestation Pit  
  108  10:53  Baneling Nest  
  101  11:38  Zergling x2  
  101  11:39  Zergling x26  
  117  11:40  Zergling x10  
  117  11:41  Overlord x6  
  117  11:42  Overlord  
  117  11:45  Hive  
  120  11:49  Queen  
  120  11:54  Drone x5  
  127  12:01  Baneling  
  127  12:02  Baneling x7  
  127  12:03  Baneling x3  
  127  12:04  Centrifical Hooks  
  112  13:12  Drone x8  
  120  13:13  Drone x11, Hatchery  
  120  13:14  Drone  
  131  13:31  Hatchery  
  130  13:39  Zergling x2  
  130  13:40  Zergling x24  
Show
View Real Time Build Order
Export as new Build Order

LeandroRN Terran - Winner!

Build Orders:  

Get SALT Encoding   

  12  0:08  SCV  
  13  0:20  SCV  
  14  0:25  Supply Depot  
  14  0:28  Refinery  
  14  0:33  SCV  
  15  0:47  SCV  
  15  0:49  Barracks  
  16  0:59  SCV  
  17  1:11  SCV  
  18  1:23  SCV  
  19  1:36  Orbital Command  
  19  1:45  Barracks Reactor  
  19  2:05  SCV  
  20  2:09  Command Center  
  20  2:11  Factory  
  20  2:22  SCV  
  21  2:25  Supply Depot  
  21  2:26  Marine  
  21  2:27  Marine  
  24  2:51  Marine x2, SCV  
  24  2:56  Factory Tech Lab  
  26  3:00  Refinery  
  26  3:03  SCV  
  27  3:09  Marine x2  
  29  3:15  SCV  
  30  3:22  Cyclone  
  30  3:23  Orbital Command  
  33  3:28  Marine x2  
  33  3:30  SCV  
  36  3:36  Barracks  
  36  3:42  SCV  
  36  3:47  Marine  
  38  3:48  Marine  
  38  3:51  SCV  
  38  3:54  Siege Tank  
  43  4:00  SCV  
  44  4:05  Engineering Bay, SCV  
  45  4:12  SCV  
  46  4:18  Refinery  
  46  4:22  Supply Depot x2  
  46  4:32  Barracks Tech Lab  
  46  4:43  Marine x2, SCV x2  
  50  4:46  Siege Tank  
  50  4:51  Starport, Stimpack  
  50  4:52  Marine  
  54  4:55  SCV x2  
  54  4:59  Refinery  
  56  5:01  Marine, Supply Depot  
  57  5:07  SCV x2  
  57  5:12  Marine x2  
  61  5:23  Marine, Siege Tank  
  61  5:24  SCV  
  61  5:25  SCV  
  67  5:38  SCV x2  
  69  5:44  Terran Infantry Weapons Level 1, Starport Reactor  
  68  5:50  SCV x2  
  69  6:02  Siege Tank  
  69  6:16  Missile Turret  
  69  6:17  Missile Turret, SCV  
  70  6:19  Missile Turret  
  70  6:27  Command Center  
  70  6:34  Engineering Bay  
  70  6:38  Armory  
  70  6:43  Barracks  
  70  6:47  Barracks  
  70  7:04  Missile Turret  
  70  7:38  Marine x3  
  70  7:39  Medivac x2, SCV x2  
  70  7:41  Orbital Command  
  75  7:54  Siege Tank  
  75  7:56  Marine x3  
  75  7:57  Terran Vehicle Weapons Level 1  
  75  7:58  Terran Infantry Weapons Level 2, Terran Infantry Armor Level 1  
  58  8:22  Marine x5  
  58  8:26  Siege Tank  
  63  8:30  SCV x2  
  65  8:40  Marine x2  
  65  8:41  Marine x3  
  68  8:46  Orbital Command  
  70  8:52  Medivac x2  
  72  8:57  Marine  
  72  8:58  Marine, Siege Tank  
  72  8:59  Marine x3  
  80  9:06  SCV x2  
  82  9:14  SCV  
  82  9:15  Marine  
  82  9:16  Marine  
  85  9:25  Fusion Core, Factory  
  85  9:26  Starport  
  85  9:27  Missile Turret, Supply Depot x3  
  85  9:30  Medivac x2, Marine x2, SCV x2  
  93  9:49  Siege Tank  
  96  9:53  Marine x4  
  94  10:19  Starport Tech Lab  
  94  10:20  Viking x2  
  94  10:21  Siege Tank  
  99  10:27  SCV  
  99  10:28  SCV x2  
  102  10:33  Missile Turret  
  102  10:34  Missile Turret  
  102  10:38  Missile Turret  
  102  10:46  Bunker, SCV x3  
  102  10:48  Refinery  
  102  10:49  Factory Tech Lab  
  105  10:50  Liberator  
  105  10:51  Barracks Reactor, Refinery, Liberator x2  
  105  10:52  Barracks Reactor  
  105  10:53  Siege Tank  
  105  10:54  Terran Vehicle Weapons Level 2  
  105  10:56  Terran Infantry Weapons Level 3  
  108  10:57  Terran Infantry Armor Level 2  
  117  11:13  Advanced Ballistics  
  117  11:39  Command Center  
  117  12:00  Sensor Tower, Missile Turret  
  117  12:18  Supply Depot  
  117  12:19  Supply Depot  
  117  12:20  Supply Depot  
  117  12:22  Liberator x2  
  117  12:24  Liberator  
  117  12:39  Marine x2  
  117  12:41  Marine x3, Siege Tank  
  133  12:50  Marine x2  
  133  12:51  Siege Tank  
  138  12:55  Planetary Fortress  
  138  12:57  Marine  
  139  12:58  Marine  
  139  12:59  Marine  
  139  13:00  Missile Turret  
  141  13:06  Marine x2  
  141  13:07  Liberator  
  141  13:08  Marine x2  
  145  13:13  Siege Tank  
  145  13:15  Marine, Liberator x2  
  145  13:17  Barracks  
  145  13:19  Barracks  
  149  13:21  Barracks, Missile Turret  
  149  13:23  Siege Tank  
  155  13:28  Supply Depot  
  155  13:31  Supply Depot  
  161  13:34  SCV  
  161  13:35  SCV x2  
  164  13:42  Sensor Tower  
  155  14:10  Marine x5  
Show
View Real Time Build Order
Export as new Build Order

OpuS Protoss 

Build Orders: 1 Gate Expand 

Get SALT Encoding   

  12  0:01  Probe  
  13  0:13  Probe  
  14  0:26  Pylon  
  14  0:28  Probe  
  15  0:44  Gateway  
  15  0:48  Probe  
  16  0:56  Probe  
  16  0:57  Assimilator  
  17  1:04  Probe  
  18  1:15  Probe  
  19  1:27  Probe  
  20  1:39  Probe  
  21  1:41  Nexus  
  21  1:49  Pylon  
  21  1:54  Probe  
  22  2:05  Cybernetics Core  
  22  2:11  Zealot  
  24  2:16  Gateway  
  24  2:20  Probe  
  25  2:32  Probe  
  25  2:36  Assimilator  
  25  2:44  Probe  
  25  2:49  Stalker  
  25  2:50  Warp Gate  
  28  2:57  Probe x2  
  30  3:02  Twilight Council  
  30  3:06  Pylon  
  30  3:09  Adept  
  32  3:24  Probe x2  
  34  3:40  Probe x2  
  36  3:46  Adept  
  36  3:52  Charge  
  36  3:54  Gateway  
  36  3:58  Probe x2  
  38  4:03  Dark Shrine  
  38  4:05  Gateway  
  38  4:10  Probe  
  38  4:13  Probe  
  40  4:19  Pylon  
  40  4:22  Probe  
  41  4:26  Gateway  
  41  4:38  Stalker  
  43  4:47  Pylon  
  43  4:52  Stalker  
  45  4:54  Shield Battery  
  45  5:02  Probe x2  
  45  5:04  Stalker  
  45  5:05  Stalker  
  45  5:06  Shadow Stride  
  51  5:07  Shield Battery  
  51  5:21  Stalker  
  51  5:23  Stalker  
  55  5:30  Probe  
  55  5:31  Probe  
  57  5:38  Zealot x2  
  61  5:49  Dark Templar  
  61  6:07  Probe x2  
  63  6:11  Pylon  
  63  6:13  Assimilator  
  63  6:17  Assimilator  
  63  6:19  Probe  
  63  6:20  Gateway  
  63  6:22  Gateway  
  63  6:23  Dark Templar  
  66  6:26  Gateway  
  66  6:28  Gateway  
  66  6:30  Probe  
  66  6:31  Probe  
  68  6:42  Probe  
  68  6:43  Probe  
  70  6:48  Zealot  
  70  6:49  Zealot  
  70  6:53  Zealot  
  74  7:02  Pylon  
  74  7:04  Pylon  
  74  7:06  Pylon  
  74  7:16  Stalker x2  
  78  7:23  Forge  
  78  7:35  Blink  
  75  7:38  Zealot  
  75  7:39  Zealot x4  
  75  7:42  Zealot x2  
  81  8:05  Nexus  
  65  8:21  Dark Templar x5  
  57  8:55  Protoss Ground Weapons Level 1  
  57  8:58  Photon Cannon  
  57  9:02  Photon Cannon  
  57  9:04  Probe  
  57  9:05  Probe, Photon Cannon  
  59  9:15  Stalker x2  
  59  9:16  Stalker  
  58  9:50  Zealot x2  
  58  9:51  Zealot x4  
  66  10:14  Templar Archives  
  66  10:21  Cybernetics Core  
  66  10:24  Probe x2, Gateway  
  66  10:28  Gateway  
  68  10:36  Nexus, Probe  
  68  10:42  Pylon  
  69  10:51  High Templar  
  69  10:52  High Templar x2  
  69  10:53  High Templar  
  69  10:56  Archon  
  77  10:57  Archon  
  65  11:09  High Templar  
  65  11:11  Zealot x2  
  63  12:18  Pylon  
  63  12:21  Pylon  
  63  12:23  Pylon  
  63  12:30  Probe  
  63  12:31  Probe  
  35  12:42  Probe  
  35  12:43  Probe  
  23  12:49  Templar Archives  
  23  12:55  Probe x2  
  25  13:07  Probe  
Show
View Real Time Build Order
Export as new Build Order

Sketchaphone Zerg 

Build Orders: Hatch First 

Get SALT Encoding   

  12  0:01  Drone  
  13  0:13  Overlord  
  13  0:18  Drone  
  14  0:24  Extractor  
  14  0:25  Drone  
  15  0:31  Drone  
  15  0:35  Drone  
  17  0:56  Hatchery  
  16  0:59  Drone  
  16  1:02  Drone  
  18  1:04  Extractor  
  17  1:19  Spawning Pool  
  16  1:25  Drone  
  16  1:31  Drone x2  
  19  1:39  Overlord  
  19  1:50  Drone  
  20  2:02  Drone  
  20  2:06  Metabolic Boost  
  20  2:07  Queen  
  23  2:10  Zergling x2  
  23  2:13  Zergling x2  
  25  2:25  Baneling Nest, Zergling x2  
  25  2:26  Zergling x2  
  26  2:38  Zergling x2  
  26  2:41  Queen  
  26  2:42  Zergling x2  
  30  2:53  Overlord, Drone  
  31  3:05  Zergling x2  
  32  3:07  Overlord  
  31  3:16  Queen  
  32  3:22  Zergling x4  
  32  3:23  Zergling x2  
  35  3:27  Baneling x2  
  35  3:50  Overlord  
  35  3:52  Queen  
  35  3:53  Drone  
  35  3:54  Drone  
  39  3:57  Lair  
  39  4:02  Overlord  
  39  4:23  Overlord  
  39  4:27  Extractor  
  35  4:34  Zergling x2  
  35  4:35  Zergling x2  
  37  4:41  Evolution Chamber  
  37  4:42  Drone x9  
  45  4:53  Drone x2  
  45  4:54  Drone  
  48  5:12  Queen  
  50  5:14  Zerg Ground Armor Level 1  
  50  5:16  Overlord  
  49  5:30  Zergling x16  
  49  5:31  Zergling x2  
  49  5:33  Drone  
  59  5:44  Zergling x4  
  59  5:45  Zergling x4  
  63  5:54  Zergling x2  
  63  6:07  Nydus Network  
  61  6:17  Pneumatized Carapace  
  61  6:19  Hatchery  
  61  6:21  Drone x7  
  67  6:38  Overseer  
  67  7:06  Centrifical Hooks  
  67  7:07  Zergling x18  
  67  7:08  Overlord x4  
  76  7:17  Nydus Canal  
  76  7:28  Spore Crawler  
  75  7:30  Spore Crawler  
  75  7:35  Spore Crawler  
  70  7:37  Spore Crawler  
  56  7:52  Zerg Missile Weapons Level 1  
  56  7:53  Hydralisk Den  
  56  7:56  Extractor  
  56  7:57  Extractor  
  53  8:03  Drone x12  
  60  8:15  Nydus Canal  
  60  8:17  Zergling x6  
  62  8:23  Drone x2  
  62  8:24  Drone  
  65  8:32  Infestation Pit, Zergling x12  
  67  8:43  Hydralisk  
  67  8:44  Grooved Spines, Hydralisk x4  
  67  8:45  Hydralisk  
  79  8:59  Drone x2  
  79  9:01  Overlord x3  
  81  9:10  Pathogen Glands  
  81  9:25  Overseer  
  81  9:27  Hydralisk x3  
  81  9:28  Hydralisk  
  89  9:35  Drone x4  
  89  9:36  Drone x3, Hydralisk x3  
  102  9:38  Drone x2  
  104  9:47  Nydus Canal  
  104  9:55  Muscular Augments  
  104  10:00  Lurker Den  
  94  10:20  Overlord  
  94  10:21  Overlord  
  91  10:28  Extractor  
  89  10:30  Extractor  
  89  10:32  Queen, Spore Crawler  
  89  10:44  Hydralisk x5  
  89  10:49  Burrow  
  99  10:51  Roach Warren  
  99  10:52  Zerg Missile Weapons Level 2  
  98  11:04  Infestor  
  98  11:05  Hydralisk x2  
  98  11:06  Zergling x2  
  105  11:30  Overlord x2  
  105  11:40  Nydus Canal  
  105  11:51  Nydus Canal  
  105  12:00  Hydralisk  
  107  12:01  Zergling x10  
  107  12:02  Zergling x18  
  107  12:04  Overlord x3  
  87  12:48  Infestor x4  
  87  12:49  Hydralisk x2  
  99  12:51  Lurker  
  99  12:52  Hydralisk x3  
  99  12:53  Hydralisk x5  
  99  12:54  Hydralisk  
  118  13:00  Queen x3  
  118  13:01  Infestor  
  120  13:21  Hydralisk x5  
  126  13:35  Queen  
  128  13:48  Lurker  
Tags
 
Add a new tag
Caveats
  • Supply blocks, unpowered buildings, or Contaminate may cause inaccurate times.
  • Supply counts are checked every 10 seconds.